 Dungeon Crawl Stone Soup version 0.30-a0-1066-g63dfefce0d (webtiles) character file.

Game seed: 5549933762669355604

3873 qeuew the Grappler (level 10, -2/98 HPs)
             Began as a Troll Fighter on Apr 12, 2023.
             Was an Initiate of Trog.
             Killed from afar by an electric eel (15 damage)
             ... with a bolt of electricity
             ... on level 8 of the Dungeon.
             The game lasted 00:10:25 (5217 turns).

qeuew the Grappler (Troll Fighter)                  Turns: 5217, Time: 00:10:26

Health: -2/98      AC:  8    Str: 32    XL:     10   Next: 0%
Magic:  9/9        EV: 10    Int:  8    God:    Trog [......]
Gold:   318        SH: 19    Dex: 15    Spells: 9/9 levels left

rFire   x . .      SeeInvis .      - Unarmed
rCold   + . .      Faith    .    m - +0 tower shield of Sorcery {rF- Str+5 Int+5}
rNeg    . . .      Spirit   .    a - +0 robe
rPois   .          Reflect  .    (helmet restricted)
rElec   .          Rampage  .    (no cloak)
rCorr   .                        (gloves unavailable)
Will    .....                    (boots unavailable)
Stlth   +                        (no amulet)
HPRegen 1.16/turn                j - +4 ring of protection
MPRegen 0.11/turn                n - ring of protection from cold

@: studying Shields
A: large, unfitting armour, claws 3, regeneration 1, shaggy fur 1, tough skin 1,
large bone plates 1, agile 1, MP-powered wands
a: Renounce Religion


You were on level 8 of the Dungeon.
You worshipped Trog.
Trog was noncommittal.
You visited 2 branches of the dungeon, and saw 9 of its levels.

You collected 337 gold pieces.
You spent 19 gold pieces at shops.

Inventory:

Armour
 a - a +0 robe (worn)
 m - the +0 tower shield of Sorcery (worn) {rF- Str+5 Int+5}
   (You found it on level 5 of the Dungeon)

   Str:       It affects your strength (+5).
   Int:       It affects your intelligence (+5).
   rF:        It makes you vulnerable to fire.
Jewellery
 j - a +4 ring of protection (left claw)
 n - a ring of protection from cold (right claw)
Scrolls
 g - 3 scrolls of fog
 h - a scroll of enchant armour
 l - 2 scrolls of enchant weapon
Potions
 b - a potion of berserk rage {unknown}
 c - 2 potions of might
 f - a potion of cancellation
 i - a potion of brilliance
 o - 2 potions of mutation


   Skills:
 + Level 5.8 Fighting
 + Level 5.9 Dodging
 + Level 8.1 Shields
 * Level 9.4 Unarmed Combat


You had 9 spell levels left.
You didn't know any spells.
Your spell library contained the following spells:

 Spells                   Type           Power      Damage    Failure   Level
 Apportation              Tloc           0%         N/A       90%         1
 Alistair's Intoxication  Tmut/Pois      0%         N/A       100%        5


Dungeon Overview and Level Annotations

Branches:
Dungeon (8/15)             Temple (1/1) D:7
   Lair: D:8-11

Altars:
Dithmenos
Elyvilon
Fedhas
Gozag
Hepliaklqana
Makhleb
Nemelex Xobeh
Ru
Sif Muna
Trog
Uskayaw
Vehumet
Wu Jian
Yredelemnul
The Shining One

Shops:
D:4 *   D:6 *


Innate Abilities, Weirdness & Mutations

You are too large for most types of armour.
You have claws for hands.
Your natural rate of healing is unusually fast.
You are covered in fur. (AC +1)
You have tough skin. (AC +1)
You are partially covered in large bone plates. (SH +4)
You are agile. (Dex +4, Str/Int -1)
You expend magic power (3 MP) to strengthen your wands.


Message History

The electric eel shoots out a bolt of lightning at you!
The bolt of electricity misses you.
An electric eel comes into view.
You mangle the electric eel!!
You kill the electric eel!
Trog accepts your kill.
The electric eel shoots out a bolt of lightning at something!
Unknown command.
The electric eel shoots out a bolt of lightning at you!
The bolt of electricity hits you!
* * * LOW HITPOINT WARNING * * *
You barely miss the electric eel.
The electric eel shoots out a bolt of lightning at you!
The bolt of electricity hits you.
* * * LOW HITPOINT WARNING * * *
Okay, then.
You feel much better.
The electric eel shoots out a bolt of lightning at the electric eel!
The bolt of electricity misses the electric eel.
Unknown command.
You claw the electric eel!
You kill the electric eel!
Trog accepts your kill.
You hear a splash.
The electric eel shoots out a bolt of lightning at something!
You have reached level 10!
Welcome back, qeuew the Troll Fighter.
Trog says: Kill them all!
Press ? for a list of commands and other information.
You flicker back into view.
The electric eel shoots out a bolt of lightning at you!
The bolt of electricity hits you!
* * * LOW HITPOINT WARNING * * *
The electric eel shoots out a bolt of lightning at you!
The bolt of electricity hits you!
* * * LOW HITPOINT WARNING * * *
You hear a howl!
The electric eel shoots out a bolt of lightning at you!
The bolt of electricity hits you!
You die...

#### #.. #.#
#<### #††.#
###.# ## #.##
...
#@.######....
#..........~~
#..~.†....~~≈
#...~~..~≈≈≈≈
#.....~.~~~≈≈
#...~~~~.~≈≈≈
#..~≈≈≈S~~~≈S
#..~≈~~~~~...
#...)........


You could see an electric eel.

Vanquished Creatures
  A two-headed ogre (D:7)
  The ghost of Nabski the Arsonist, a novice TeFE of Vehumet (D:6)
  A troll (D:8)
  A steam dragon (D:7)
  A water moccasin (D:7)
  5 ice beasts
  An ogre (D:5)
  2 wolves (D:7)
  A kobold brigand (D:7)
  A phantom (D:5)
  A bullfrog (D:7)
  A gnoll sergeant (D:5)
  3 scorpions
  6 wights (D:7)
  2 howler monkeys
  5 electric eels (D:8)
  6 hounds
  A jelly (D:6)
  A gnoll bouda (D:6)
  Natasha (twice) (D:2)
  8 iguanas
  2 bullfrog simulacra (D:6)
  A centaur simulacrum (D:6)
  7 gnolls
  7 adders
  A shadow imp (D:5)
  4 white imps (D:6)
  2 ufetubi
  2 worms
  An orc (D:2)
  10 endoplasms
  3 giant cockroaches
  5 goblins
  3 hobgoblins
  12 kobolds
  2 quokkas
  10 ball pythons
  4 bats
  8 frilled lizards
  3 rats
138 creatures vanquished.

Vanquished Creatures (others)
  3 fungi (D:2)
  12 plants
15 creatures vanquished.

Grand Total: 153 creatures vanquished

Notes
Turn   | Place    | Note
-------+----------+-------------------------------------------
     0 | D:1      | qeuew the Troll Fighter began the quest for the Orb.
     0 | D:1      | Reached XP level 1. HP: 22/22 MP: 0/0
   213 | D:1      | Reached XP level 2. HP: 27/29 MP: 1/1
   792 | D:2      | Noticed Natasha
   799 | D:2      | Killed Natasha
   800 | D:2      | Reached XP level 3. HP: 34/36 MP: 2/2
   897 | D:2      | Reached skill level 3 in Unarmed Combat
  1109 | D:2      | Noticed Natasha
  1114 | D:2      | Killed Natasha
  1115 | D:2      | Reached XP level 4. HP: 44/44 MP: 3/3
  1365 | D:2      | Found a faded altar of an unknown god.
  1625 | D:3      | Reached XP level 5. HP: 46/53 MP: 4/4
  1961 | D:4      | Found a basalt altar of Yredelemnul.
  1990 | D:4      | Found Kiuxag's Assorted Antiques.
  1998 | D:4      | Bought a scroll labelled WAETHR IRAD for 19 gold pieces
  2028 | D:4      | Noticed an orc warrior
  2230 | D:4      | Gained mutation: You are partially covered in large bone
                  | plates. (SH +4) [potion of mutation]
  2230 | D:4      | Gained mutation: You expend magic power (3 MP) to
                  | strengthen your wands. [potion of mutation]
  2230 | D:4      | Gained mutation: You are agile. (Dex +4, Str/Int -1)
                  | [potion of mutation]
  2355 | D:5      | Entered Level 5 of the Dungeon
  2446 | D:5      | Reached skill level 4 in Unarmed Combat
  2463 | D:5      | Reached XP level 6. HP: 61/61 MP: 5/5
  2573 | D:5      | Identified the +0 tower shield of Sorcery {rF- Str+5 Int+5}
  2702 | D:5      | Reached skill level 5 in Unarmed Combat
  2702 | D:5      | Reached XP level 7. HP: 62/67 MP: 6/6
  2998 | D:5      | Identified a scroll of acquirement
  2998 | D:5      | Acquired a manual of Shields
  3147 | D:6      | Noticed Nabski's ghost (novice TeFE)
  3174 | D:6      | Found a runed translucent gate.
  3174 | D:6      | Found a runed translucent gate.
  3174 | D:6      | Found a runed translucent gate.
  3182 | D:6      | Reached skill level 6 in Unarmed Combat
  3333 | D:6      | Reached skill level 5 in Shields
  3333 | D:6      | Reached XP level 8. HP: 78/78 MP: 7/7
  3348 | D:6      | Found Bishur's Assorted Antiques.
  3767 | D:6      | Killed Nabski's ghost
  3768 | D:6      | Reached skill level 7 in Unarmed Combat
  3965 | D:7      | Reached skill level 5 in Dodging
  4032 | D:7      | Found a staircase to the Ecumenical Temple.
  4042 | Temple   | Entered the Ecumenical Temple
  4237 | Temple   | Became a worshipper of Trog the Wrathful
  4279 | D:7      | Reached XP level 9. HP: 85/87 MP: 8/8
  4280 | D:7      | Reached skill level 5 in Fighting
  4300 | D:7      | Reached skill level 8 in Unarmed Combat
  4344 | D:7      | Noticed a two-headed ogre
  4351 | D:7      | Killed a two-headed ogre
  5039 | D:8      | Noticed a troll
  5057 | D:7      | Reached skill level 9 in Unarmed Combat
  5120 | D:8      | Killed a troll
  5199 | D:8      | HP: 4/89 [electric eel/bolt of electricity (12)]
  5210 | D:8      | HP: 4/89 [electric eel/bolt of electricity (4)]
  5213 | D:8      | Reached XP level 10. HP: 30/98 MP: 9/9
  5217 | D:8      | Killed from afar by an electric eel

Illustrated notes

Levels and vault maps discovered:
D:1:      dpeg_arrival_erosion, layout_loops_ring, minmay_quantized
D:2:      layout_basic, shapermc_ecumenical_altar_mp_ritualfount,
          kennysheep_generic_room_14, uniq_natasha
D:3:      layout_basic
D:4:      layout_gridville, kennysheep_mini_moat, serial_shops, shop,
          lightli_corner_chamber
D:5:      layout_loops_ring, minmay_lizard_king
D:6:      layout_loops_ring, serial_shops, nicolae_shop_crystal,
          gammafunk_ghost_icy
D:7:      cheibrodos_iron_armory, layout_loops_corners, minmay_temple_entry_grid
D:8:      layout_rooms, marbit_many_paths, kennysheep_mini,
          mainiacjoe_overflow_24_doors, erik_lair_island
Temple:   bh_familiar_temple

Skill      XL: |  1  2  3  4  5  6  7  8  9 |
---------------+----------------------------+-----
Shields        | 3 4 5 6 8 |  8.1
Unarmed Combat | 3 4 5 6 7 9 |  9.4
Fighting       | 3 4 5 |  5.8
Dodging        | 3 4 5 |  5.9

Action                     |  1- 3 |  4- 6 |  7- 9 | 10-12 || total
---------------------------+-------+-------+-------+-------++-------
  Melee: Unarmed           |    46 |   127 |   207 |       ||   380
    Use: Scroll            |     5 |     6 |     7 |       ||    18
         Potion            |     1 |     1 |     5 |       ||     7
   Stab: Sleeping          |       |     2 |     1 |       ||     3
         Invisible         |       |       |     2 |       ||     2
 Armour: Robe              |     8 |    32 |    36 |       ||    76
  Dodge: Dodged            |    12 |    22 |    52 |       ||    86
  Block: Kite shield       |    17 |    33 |       |       ||    50
         Tower shield      |       |    17 |   172 |       ||   189

Table legend: (Time is in decaauts)
 A = Elapsed time spent in this place.
 B = Non-inter-level travel time spent in this place.
 C = Inter-level travel time spent in this place.
 D = Time resting spent in this place.
 E = Time spent auto-exploring this place.
 F = Levels seen in this place.
 G = Mean time per level.
                   A        B        C        D        E       F      G
               +--------+--------+--------+--------+--------+-----+--------+
         Total |   5269 |   4994 |    275 |    171 |   3904 |   9 |  585.4 |
       Dungeon |   5051 |   4841 |    210 |    171 |   3756 |   8 |  631.4 |
        Temple |    217 |    152 |     65 |      0 |    148 |   1 |  217.0 |
               +--------+--------+--------+--------+--------+-----+--------+

Top non-repeatable levels by time:
     D:7: 1108 daAuts
     D:6: 824 daAuts
     D:2: 753 daAuts
     D:5: 663 daAuts
     D:1: 648 daAuts
     D:4: 522 daAuts
     D:3: 448 daAuts
  Temple: 217 daAuts
     D:8: 82 daAuts
